 Dungeon Crawl Stone Soup version 0.25-a0-597-gb30770a0c0 (webtiles) character file.

Game seed: 5820416540306831057, levelgen mode: deterministic

157 Emblim88 the Ruffian (level 5, 0/53 HPs)
             Began as a Troll Berserker on Mar 15, 2020.
             Was an Initiate of Ru.
             Slain by a polar bear (3 damage)
             ... created by the rage of Trog
             ... on level 2 of the Dungeon.
             The game lasted 00:02:12 (1091 turns).

Emblim88 the Ruffian (Troll Berserker)              Turns: 1091, Time: 00:02:13

Health: 0/53       AC:  8    Str: 26    XL:     5   Next: 15%
Magic:  4/4        EV: 10    Int:  3    God:    Ru [......]
Gold:   82         SH:  0    Dex:  9    Spells: 4/4 levels left

rFire    . . .     SeeInvis .     - Unarmed
rCold    . . .     Gourm    +   (no shield)
rNeg     . . .     Faith    .   e - +0 troll leather armour (curse)
rPois    .         Spirit   .   (helmet restricted)
rElec    .         Reflect  .   (no cloak)
rCorr    .         Harm     .   (gloves unavailable)
MR       .....                  (boots unavailable)
Stlth    +.........             (no amulet)
HPRegen  0.97/turn              (no ring)
MPRegen  0.09/turn              (no ring)

@: no status effects
A: large, unfitting armour, claws 3, fast metabolism 3, gourmand, regeneration
1, shaggy fur 1, tough skin 3
a: Renounce Religion


You were on level 2 of the Dungeon.
You worshipped Ru.
Ru was noncommittal.
You were completely stuffed.

You visited 1 branch of the dungeon, and saw 2 of its levels.

You collected 82 gold pieces.

Inventory:

Missiles
 h - 115 stones (quivered)
Armour
 e - a cursed +0 troll leather armour (worn)
Scrolls
 a - a scroll of fog {unknown}
 d - a scroll of amnesia {unknown}
 g - 2 scrolls of identify {unknown}
 i - a scroll of immolation {unknown}
 m - a scroll of remove curse {unknown}
Potions
 c - 2 potions of magic {unknown}
 f - 2 potions of stabbing {unknown}
 j - a potion of curing {unknown}
 k - 2 potions of cancellation {unknown}
Comestibles
 b - 3 rations


   Skills:
 + Level 3.5 Fighting
 + Level 2.0 Throwing
 - Level 2.4 Dodging
 + Level 4.2 Unarmed Combat


You had 4 spell levels left.
You didn't know any spells.
Your spell library was empty.

Dungeon Overview and Level Annotations

Branches:
Dungeon (2/15)

Altars:
Cheibriados
Ru


Innate Abilities, Weirdness & Mutations

You are too large for most types of armour.
You have claws for hands.
Your metabolism is lightning-fast.
You like to eat raw meat.
Your natural rate of healing is unusually fast.
You are covered in fur. (AC +1)
You have extremely tough skin. (AC +3)


Message History

The polar bear is moderately wounded.
The polar bear bites you! The polar bear barely misses you.
The polar bear claws you but does no damage.
You hear an angry growl.
The polar bear bites you. The polar bear barely misses you.
The polar bear claws you.
You barely miss the polar bear.
The polar bear is moderately wounded.
The polar bear bites you!
* * * LOW HITPOINT WARNING * * *
The polar bear closely misses you.
The polar bear claws you but does no damage.
You hear an angry growl.
You claw the polar bear!
The polar bear is moderately wounded.
The polar bear bites you but does no damage.
The polar bear claws you.
* * * LOW HITPOINT WARNING * * *
The polar bear claws you.
You die...

#############
#..@hhh.....#
#.####h.###.# #
##..###.##
#...hh#h.###
#...#......#
#...##.....#
#.###...###.......
#............#####
#####.######.#


You could see a polar bear (berserk) and 3 black bears.

Vanquished Creatures
  A water moccasin (D:2)
  An adder (D:2)
  A dart slug (D:1)
  A giant cockroach (D:1)
  7 goblins
  5 hobgoblins
  3 jackals (D:1)
  6 kobolds
  2 ball pythons
  A bat (D:1)
  5 frilled lizards
  3 rats
36 creatures vanquished.

Notes
Turn   | Place    | Note
-------+----------+-------------------------------------------
     0 | D:1      | Emblim88 the Troll Berserker began the quest for the Orb.
     0 | D:1      | Reached XP level 1. HP: 22/22 MP: 0/0
   119 | D:1      | Reached XP level 2. HP: 28/29 MP: 1/1
   688 | D:2      | Reached XP level 3. HP: 36/37 MP: 2/2
   807 | D:2      | Found a sacrificial altar of Ru.
   809 | D:2      | Found a snail-covered altar of Cheibriados.
   832 | D:2      | Reached ** piety under Trog
   869 | D:2      | Noticed a water moccasin
   880 | D:2      | Killed a water moccasin
   880 | D:2      | Reached skill level 4 in Unarmed Combat
   880 | D:2      | Reached XP level 4. HP: 30/45 MP: 3/3
   880 | D:2      | Reached XP level 5. HP: 36/53 MP: 4/4
   896 | D:2      | Fell from the grace of Trog
   896 | D:2      | Became a worshipper of Ru the Awakened
  1080 | D:2      | Noticed a black bear
  1080 | D:2      | Noticed a polar bear
  1080 | D:2      | Noticed a polar bear
  1080 | D:2      | Noticed a black bear
  1080 | D:2      | Noticed a black bear
  1091 | D:2      | Slain by a polar bear

Levels and vault maps discovered:
D:1:      minmay_arrival_plants_in_alcoves, layout_rooms
D:2:      layout_loops_corners, minitemple, grunt_temple_overflow_open,
          hangedman_feature_mirror

Skill      XL: |  1  2  3 |
---------------+----------+-----
Fighting       | 3 |  3.5
Throwing       | 2 |  2.0
Unarmed Combat | 4 |  4.2
Dodging        | |  2.4

Action                   |  1- 3 |  4- 6 || total
-------------------------+-------+-------++-------
Melee: Unarmed           |   105 |    22 ||   127
       Punch             |       |     1 ||     1
  Eat: Chunk             |    12 |     4 ||    16
Armor: Troll leather arm |    51 |    11 ||    62
Dodge: Dodged            |    60 |    19 ||    79

Table legend:
 A = Non-vault XP
 B = Vault XP
 C = Vault XP percentage of total XP
 D = Non-vault monster count
 E = Vault monster count
 F = Vault count percentage of total count
                 A         B        C        D         E       F
            +---------+---------+-------+---------+---------+-------
      Total |     222 |       3 |   1.3 |      34 |       2 |   5.6
            +---------+---------+-------+---------+---------+-------
        D:1 |      37 |       0 |   0.0 |      21 |       0 |   0.0
        D:2 |     185 |       3 |   1.6 |      13 |       2 |  13.3
            +---------+---------+-------+---------+---------+-------
